 Dungeon Crawl Stone Soup version 0.23.0-38-g208d714 (webtiles) character file.

Game seed: 12225955799038706097

36 Borgoz the Sneak (level 3, -1/27 HPs)
             Began as a Ghoul Enchanter on Feb 27, 2019.
             Was an Initiate of Ashenzari.
             Slain by a worm (10 damage)
             ... on level 2 of the Dungeon.
             The game lasted 00:02:57 (760 turns).

Borgoz the Sneak (Ghoul Enchanter)                   Turns: 760, Time: 00:02:58

Health: -1/27      AC:  3    Str: 11    XL:     3   Next: 37%
Magic:  5/5        EV: 12    Int: 10    God:    Ashenzari [......]
Gold:   116        SH:  0    Dex: 10    Spells: 5/6 levels left

rFire    . . .     SeeInvis .     - Unarmed
rCold    + . .     Gourm    .   (no shield)
rNeg     + + +     Faith    .   b - +0 robe
rPois    ∞         Spirit   .   (no helmet)
rElec    .         Reflect  .   (no cloak)
rCorr    .         Harm     .   (no gloves)
MR       .....                  a - +0 pair of boots
Stlth    ++........             (no amulet)
HPRegen  0.00/turn              (no ring)
MPRegen  0.09/turn              (no ring)

@: rotting
A: rotting body, claws 1, carnivore, cold resistance 1, negative energy
resistance 3, inhibited regeneration, torment resistance, unbreathing
a: Curse Item, Renounce Religion


You were on level 2 of the Dungeon.
You worshipped Ashenzari.
Ashenzari was noncommittal.
You were not hungry.

You visited 1 branch of the dungeon, and saw 2 of its levels.

You collected 116 gold pieces.

Inventory:

Armour
 a - a +0 pair of boots (worn)
 b - a +0 robe (worn)
Scrolls
 g - a scroll of identify {unknown}
Potions
 c - a potion of agility {unknown}
 e - a potion of degeneration {unknown}
 h - a potion of curing {unknown}
Comestibles
 d - 3 rations
 f - 7 chunks of flesh


   Skills:
 + Level 0.6 Fighting
   Level 0.8 Short Blades
 + Level 0.5 Armour
 * Level 2.1 Dodging
 - Level 3.2 Stealth
 * Level 1.1 Unarmed Combat
 + Level 2.0 Spellcasting
 * Level 2.7 Hexes


You had 5 spell levels left.
You knew the following spells:

 Your Spells              Type           Power        Failure   Level  Hunger
a - Corona                Hex            #......      10%         1    ##.....

Your spell library contained the following spells:

 Spells                   Type           Power        Failure   Level  Hunger
 Ensorcelled Hibernation  Hex/Ice        #.....       26%         2    ###....
 Confuse                  Hex            #.......     30%         3    ####...
 Tukima's Dance           Hex            #.......     30%         3    ####...
 Dazzling Spray           Conj/Hex       #.....       47%         3    ####...


Dungeon Overview and Level Annotations

Branches:
Dungeon (2/15)

Altars:
Ashenzari

Annotations:
D:1 1 runed translucent door


Innate Abilities, Weirdness & Mutations

Your body is rotting away.
You thrive on raw meat.
You are immune to poison.
You have sharp fingernails.
You are carnivorous and can eat meat at any time.
Your flesh is cold resistant. (rC+)
You are immune to negative energy. (rN+++)
You do not regenerate when monsters are visible.
You are immune to unholy pain and torment.
You can survive without breathing.


Message History

You scratch the worm but do no damage.
The worm is heavily wounded.
The worm bites you.
You scratch the worm.
The worm is heavily wounded.
The worm bites you.
You barely miss the worm.
The worm is heavily wounded.
Eat one of 8 chunks of flesh? (ye/n/q)
You eat one of the 8 chunks of flesh.
This raw flesh tastes great!
The worm barely misses you.
You scratch the worm but do no damage.
The worm is heavily wounded.
You barely miss the worm.
The worm is heavily wounded.
The worm bites you!
You scratch the worm.
The worm is heavily wounded.
The worm bites you!
You die...

#. .####### #.# #......# ..
... #..#.#.# .. .. .#.#
##..#.#.# #..
.####.##.###.#.#.#.#
...<.....###...##.....#
#.##.#.......######.###
#.##.#.......# #.# #
#....#......@# #.# (.
#....÷......w# ##.##
#..##.#..#.......# ##...##
#........#%......# ##.....##
#.###.#.##.......###.......#
# #÷#.###########........#
#. #.#>##### ##.......#
#.###.#.#...# ##.....##
#.....#..)..#########....##


You could see a worm.

Vanquished Creatures
  An adder (D:2)
  3 dart slugs (D:1)
  2 leopard geckos (D:1)
  A ball python (D:2)
  3 goblins (D:1)
  3 hobgoblins
  2 bats (D:1)
  3 kobolds
18 creatures vanquished.

Notes
Turn   | Place    | Note
-------+----------+-------------------------------------------
     0 | D:1      | Borgoz the Ghoul Enchanter began the quest for the Orb.
     0 | D:1      | Reached XP level 1. HP: 14/14 MP: 2/2
     3 | D:1      | Found a runed translucent door.
    69 | D:1      | Reached XP level 2. HP: 6/20 MP: 3/3
   477 | D:1      | Reached skill level 1 in Unarmed Combat
   521 | D:1      | Found a shattered altar of Ashenzari.
   526 | D:1      | Became a worshipper of Ashenzari the Shackled
   631 | D:2      | Reached XP level 3. HP: 27/27 MP: 4/4
   760 | D:2      | Slain by a worm

Skill      XL: |  1  2  3 |
---------------+----------+-----
Dodging        | 2 |  2.1
Unarmed Combat | 1 |  1.1
Spellcasting   | 2 |  2.0
Fighting       | |  0.6
Short Blades   | |  0.8
Armour         | |  0.5
Stealth        | |  3.2
Hexes          | |  2.7

Action                   || total
-------------------------++-------
Melee: Unarmed           ||   105
 Cast: Corona            ||     5
 Stab: Sleeping          ||     2
  Eat: Chunk             ||    11
Armor: Robe              ||    28
Dodge: Dodged            ||    69
